Map: Dusk Towers

Players

LilDicky - Winner!

  • Race: Terran Terran
  • League: Diamond

McBrungus

  • Race: Zerg Zerg
  • League: Diamond

VOD

http://www.twitch.tv/tumescentpie

Description

Time

  • Played on: Dec. 10, 2015, 2:43 p.m.
  • Length: 17:21
Show
View Real Time Build Order
Export as new Build Order

LilDicky Terran - Winner!

Build Orders: Mech 

Get SALT Encoding   

  12  0:01  SCV  
  13  0:13  SCV  
  14  0:18  Supply Depot  
  14  0:25  SCV  
  15  0:39  SCV  
  16  0:45  Barracks  
  16  0:51  SCV  
  17  1:03  SCV  
  18  1:15  SCV  
  20  1:33  Marine  
  20  1:35  Orbital Command  
  20  1:40  Command Center  
  20  1:41  Refinery  
  20  1:44  Refinery  
  20  1:52  Supply Depot  
  20  1:53  Marine  
  21  2:02  SCV  
  22  2:12  Marine  
  23  2:17  SCV  
  24  2:29  SCV  
  25  2:30  Marine  
  26  2:37  Factory  
  26  2:41  SCV  
  27  2:48  Marine  
  28  2:52  Orbital Command  
  28  2:54  SCV  
  29  3:06  SCV  
  30  3:14  Marine  
  30  3:18  SCV  
  32  3:22  Factory Tech Lab, Starport  
  32  3:26  SCV  
  33  3:31  SCV  
  33  3:32  Marine  
  35  3:38  Command Center, Armory  
  35  3:39  SCV  
  36  3:45  Siege Tank  
  39  3:49  SCV  
  39  3:52  SCV  
  39  3:53  Marine  
  42  4:00  Medivac  
  45  4:02  SCV  
  45  4:04  SCV  
  46  4:14  Refinery  
  46  4:16  Refinery  
  46  4:19  Supply Depot  
  46  4:37  Starport Tech Lab  
  46  4:38  Starport Reactor  
  46  4:40  Thor  
  46  4:41  SCV, Marine  
  54  4:49  SCV  
  55  4:53  SCV  
  55  4:58  Marine  
  57  5:01  SCV  
  57  5:05  SCV  
  57  5:06  Terran Vehicle And Ship Armor Level 1  
  59  5:08  Armory  
  59  5:12  Liberator  
  59  5:14  SCV, Factory  
  61  5:15  Orbital Command  
  61  5:16  Marine  
  61  5:17  SCV  
  62  5:26  SCV  
  63  5:32  SCV  
  63  5:34  Marine  
  68  5:37  Refinery  
  68  5:43  SCV  
  68  5:49  SCV x2  
  71  5:51  Supply Depot  
  71  5:53  Supply Depot  
  71  5:54  Supply Depot  
  71  5:55  Refinery  
  71  5:58  SCV  
  71  5:59  Supply Depot, Liberator  
  71  6:00  Factory Reactor, Liberator  
  72  6:04  Supply Depot  
  78  6:20  SCV x3  
  78  6:24  Command Center, Siege Tank  
  84  6:27  Terran Vehicle Weapons Level 1  
  84  6:32  SCV  
  85  6:33  Supply Depot  
  85  6:36  Factory  
  85  6:38  SCV  
  85  6:39  SCV  
  87  6:42  Liberator x2  
  87  6:47  Engineering Bay  
  87  6:59  SCV x2  
  95  7:05  SCV  
  96  7:17  Supply Depot  
  96  7:19  Command Center, SCV  
  96  7:20  SCV x2  
  99  7:24  Factory Tech Lab  
  99  7:28  Starport  
  99  7:31  SCV, Starport  
  99  7:32  Terran Vehicle And Ship Armor Level 2, Starport  
  99  7:33  SCV x2  
  102  7:42  Liberator x2  
  102  7:44  SCV  
  103  7:45  SCV  
  104  7:56  Missile Turret x2  
  104  8:03  Thor  
  116  8:07  Hellion x2  
  116  8:11  Orbital Command  
  120  8:14  SCV x3  
  120  8:16  Starport Tech Lab x2  
  120  8:17  Starport Tech Lab  
  123  8:23  Refinery, Missile Turret  
  123  8:26  SCV x3  
  126  8:28  Missile Turret  
  126  8:30  Refinery  
  126  8:38  SCV x2  
  128  8:45  Supply Depot, SCV  
  128  8:46  SCV  
  130  8:50  SCV  
  130  8:51  SCV  
  130  8:54  Missile Turret  
  132  8:58  SCV x2  
  134  9:02  SCV  
  134  9:03  SCV  
  134  9:05  Planetary Fortress, Missile Turret  
  134  9:08  Banshee x3, Cloaking Field, Bunker  
  145  9:10  SCV x2  
  145  9:13  Fusion Core  
  145  9:14  Supply Depot  
  145  9:15  SCV x2  
  149  9:17  Supply Depot  
  149  9:20  Sensor Tower  
  149  9:21  Thor  
  149  9:22  Thor, SCV x2  
  149  9:23  Hellion  
  165  9:27  SCV x2, Terran Vehicle Weapons Level 2  
  167  9:31  Supply Depot  
  167  9:34  SCV x2  
  169  9:41  Command Center  
  169  9:43  Liberator  
  169  9:47  SCV x2  
  169  9:49  SCV, Supply Depot  
  169  9:50  Missile Turret  
  169  9:51  Banshee  
  175  9:54  Hi-Sec Auto Tracking  
  175  9:56  Terran Vehicle And Ship Armor Level 3  
  175  9:58  Banshee x2, Missile Turret  
  181  10:04  Drilling Claws  
  184  10:15  Supply Depot  
  184  10:17  Supply Depot  
  184  10:24  Liberator  
  184  10:33  Missile Turret  
  184  10:34  Banshee  
  186  10:37  SCV  
  186  10:38  SCV x2  
  186  10:40  Banshee  
  186  10:41  Banshee  
  198  11:07  Hellion  
  198  11:10  Planetary Fortress  
  200  11:16  Banshee  
  200  11:27  Bunker  
  199  11:43  Advanced Ballistics  
  199  11:44  Hyperflight Rotors  
  199  11:46  Behemoth Reactor  
  199  11:49  Supply Depot, Terran Vehicle Weapons Level 3  
  197  12:28  Liberator x2  
  191  12:33  Terran Ship Weapons Level 1  
  188  12:42  Hellion x2  
  188  12:43  Hellion x2  
  188  12:44  Banshee  
  196  13:00  Banshee  
  196  13:22  Command Center  
  189  13:48  Banshee x3  
  185  14:22  Missile Turret  
  185  14:23  Command Center  
  185  14:24  Missile Turret  
  185  14:26  Missile Turret x2  
  185  14:31  Banshee x3  
  181  14:37  Viking x2  
  194  14:50  Refinery  
  187  14:53  Missile Turret  
  163  15:14  Banshee x2  
  162  15:30  Hellion x4  
  159  15:51  Hellion  
  159  15:52  Hellion  
  160  16:05  Banshee x3  
  160  16:06  Viking x2  
  160  16:10  Hellion x2  
  177  16:12  Hellion  
  177  16:13  Hellion  
  178  16:32  Hellion x2  
Show
View Real Time Build Order
Export as new Build Order

McBrungus Zerg 

Build Orders: Hatch First 

Get SALT Encoding   

  12  0:07  Overlord  
  12  0:13  Drone  
  13  0:20  Drone  
  14  0:26  Drone  
  15  0:34  Drone  
  16  0:40  Drone  
  17  0:52  Drone  
  18  1:01  Drone  
  18  1:03  Hatchery  
  18  1:07  Extractor  
  17  1:12  Drone  
  17  1:18  Spawning Pool  
  17  1:24  Drone  
  18  1:34  Drone  
  19  1:45  Drone  
  20  1:55  Overlord  
  20  2:05  Queen  
  22  2:16  Zergling x4  
  22  2:17  Queen  
  22  2:19  Metabolic Boost  
  26  2:23  Drone  
  26  2:28  Zergling x2  
  26  2:29  Drone  
  29  2:43  Queen  
  31  2:47  Drone x2  
  31  2:48  Drone  
  31  2:51  Overlord  
  34  3:04  Overlord  
  34  3:09  Hatchery, Drone  
  34  3:19  Drone x2  
  37  3:20  Drone  
  37  3:31  Drone x7  
  43  3:51  Extractor  
  43  3:53  Lair, Extractor  
  41  3:55  Drone, Extractor  
  41  3:56  Drone x5  
  46  4:05  Overlord x2  
  46  4:07  Drone  
  46  4:09  Drone  
  48  4:20  Drone x2  
  50  4:34  Evolution Chamber  
  50  4:35  Evolution Chamber  
  50  4:37  Drone x7  
  50  4:38  Drone x4  
  59  4:46  Roach Warren  
  58  4:56  Drone x4  
  58  4:58  Overlord x2  
  62  5:02  Zerg Melee Weapons Level 1  
  62  5:04  Zerg Ground Armor Level 1  
  62  5:11  Extractor  
  62  5:12  Extractor  
  62  5:13  Drone x2  
  62  5:14  Drone x4  
  66  5:25  Drone x4  
  66  5:27  Glial Reconstitution  
  70  5:31  Queen  
  72  5:38  Drone x2  
  72  5:39  Roach  
  72  5:40  Roach x5  
  86  5:52  Roach x2  
  86  5:53  Overlord x2  
  86  5:54  Overlord  
  86  5:55  Overseer  
  87  6:15  Ravager x3  
  87  6:16  Spore Crawler, Ravager x2  
  91  6:30  Drone, Infestation Pit  
  91  6:35  Roach x8  
  91  6:36  Roach x3  
  91  6:37  Hatchery, Overlord x2  
  112  6:57  Ravager x2, Infestation Pit  
  113  7:02  Drone x3  
  113  7:03  Hatchery  
  113  7:04  Ravager x5  
  113  7:05  Ravager x2  
  122  7:09  Hive  
  122  7:16  Overlord x4  
  122  7:25  Spore Crawler  
  121  7:48  Overlord x4  
  120  7:52  Roach  
  120  7:53  Roach x8  
  120  7:54  Roach  
  120  7:55  Ravager x4  
  144  8:02  Queen x2  
  148  8:07  Zerg Ground Armor Level 2, Zerg Melee Weapons Level 2  
  148  8:23  Drone x5  
  148  8:24  Drone x8  
  148  8:25  Drone x7  
  168  8:28  Ravager  
  168  8:29  Ravager x2  
  168  8:31  Overlord x2  
  171  8:40  Ultralisk Cavern  
  170  8:45  Extractor  
  169  8:48  Extractor  
  169  8:51  Overlord x2  
  168  9:03  Adrenal Glands  
  168  9:04  Zergling x2  
  168  9:05  Zergling x32  
  185  9:37  Chitinous Plating  
  185  9:48  Overlord x2  
  185  9:49  Overlord  
  185  10:12  Hatchery  
  184  10:17  Pneumatized Carapace  
  184  10:42  Ultralisk  
  190  10:43  Ultralisk  
  190  10:46  Extractor  
  194  11:34  Viper x3  
  197  11:53  Overseer x2  
  196  12:19  Ultralisk Cavern  
  193  12:51  Lair  
  193  13:15  Extractor  
  188  13:38  Overlord x3  
  184  14:13  Queen x2  
  185  14:26  Ultralisk x2  
  197  14:47  Zergling x4  
  199  14:54  Spore Crawler  
  199  14:57  Spore Crawler  
  199  14:59  Spore Crawler  
  161  15:22  Zergling x2  
  161  15:23  Ultralisk x4, Zergling x10  
  161  15:24  Ultralisk  
  161  15:25  Ultralisk  
  169  15:45  Ultralisk x4  
  169  15:46  Ultralisk  
  197  15:50  Zergling x4  
Tags
 
Add a new tag
Caveats
  • Supply blocks, unpowered buildings, or Contaminate may cause inaccurate times.
  • Supply counts are checked every 10 seconds.